 Dungeon Crawl Stone Soup version 0.31-a0-174-g85c54bcb58 (webtiles) character file.

Game seed: 8131380902398571617

268 qw the Shooter (level 6, -7/38 HPs)
             Began as a Gargoyle Hunter on June 15, 2023.
             Mangled by Sigmund
             ... wielding a +0 scythe
              (8 damage)
             ... on level 3 of the Dungeon.
             The game lasted 00:00:41 (1566 turns).

qw the Shooter (Gargoyle Hunter)                    Turns: 1566, Time: 00:00:41

Health: -7/38      AC:  7    Str: 14    XL:     6   Next: 21%
Magic:  6/6        EV: 12    Int: 10    God:
Gold:   22         SH:  0    Dex: 21    Spells: 5/5 levels left

rFire   . . .        Y - +0 longbow
rCold   . . .        (shield currently unavailable)
rNeg    + . .        c - +0 leather armour
rPois   inf          (no helmet)
rElec   +            (no cloak)
rCorr   .            (no gloves)
SInv    .            (no boots)
Will    .....        (no amulet)
Stlth   ++           h - +6 ring of dexterity
HPRegen 0.26/turn    (no ring)
MPRegen 0.10/turn

%: no passive effects
@: no status effects
A: sickness immunity, AC +4, negative energy resistance 1, electricity
resistance, torment resistance 1, petrification resistance
a: no special abilities


You were on level 3 of the Dungeon.
You visited 1 branch of the dungeon, and saw 3 of its levels.

You collected 136 gold pieces.
You spent 114 gold pieces at shops.


Innate Abilities, Weirdness & Mutations

You are immune to sickness and miasma.
Your stone body is resilient. (AC +4)
You are immune to poison.
You resist negative energy. (rN+)
You are resistant to electric shocks. (rElec)
You are resistant to unholy torment.
You are immune to petrification.


   Skills:
 - Level 4.2 Fighting
 + Level 6.1 Ranged Weapons
 - Level 2.1 Dodging
 - Level 1.1 Stealth


You had 5 spell levels left.
You didn't know any spells.
Your spell library was empty.

Inventory:

Hand Weapons
 Y - a +0 longbow (weapon)
Armour
 c - a +0 leather armour (worn)
Jewellery
 h - a +6 ring of dexterity (left hand)
Scrolls
 a - 2 scrolls of identify
 b - a scroll of noise {unknown}
 f - 2 scrolls of vulnerability {unknown}
 m - 2 scrolls of teleportation
Potions
 d - a potion of lignification {unknown}
 e - 4 potions of curing
 g - a potion of attraction
 i - 3 potions of heal wounds
 k - a potion of might
 l - a potion of magic {unknown}

Dungeon Overview and Level Annotations

Branches:
Dungeon (3/15)

Altars:
Xom
Zin

Shops:
D:1 =   D:2 !   D:3 [*

Annotations:
D:3 Sigmund


Message History

The orc barely misses you.
You shoot an arrow. The arrow hits the orc priest.
The orc priest is almost dead.
The orc hits you but does no damage. The orc priest closely misses you.
The orc hits you with a +0 club. Something hits you.
You shoot an arrow. The arrow hits the orc priest!
You kill the orc priest!
The orc barely misses you. x2; Something hits you.
The orc closely misses you. The orc barely misses you.
Your Fighting skill increases to level 4!
You shoot an arrow. The arrow hits the orc.
The orc is moderately wounded.
The orc closely misses you. Something hits you. The orc barely misses you.
You shoot an arrow. The arrow hits the orc!
You kill the orc!
The orc hits you with a +0 club. Something hits you but does no damage.
The orc closely misses you.
You shoot an arrow. The arrow closely misses the orc.
The orc misses you. Something hits you.
You shoot an arrow. The arrow hits the orc.
The orc is lightly wounded.
The orc barely misses you. Something hits you.
You shoot an arrow. The arrow barely misses the orc.
The orc completely misses you. The orc hits you with a +0 club.
Something hits you but does no damage.
You shoot an arrow. The arrow barely misses the orc.
The orc hits you with a +0 club. Something hits you.
You shoot an arrow. The arrow hits the orc!
You kill the orc!
Something hits you!
You shoot an arrow. Something hits you but does no damage.
You shoot an arrow. You shoot an arrow. Something hits you.
You shoot an arrow.
You hear some strange, mumbled words.
Something tries to affect you, but you resist.
Something hits you!
You die...

######### #.......#
#.......#
############...)).\#
..............>)@..#
###.##########{#####
....####### #'
###.......# o.
..........# .@.
..........#....
..........#....
##.....#'##....
#....##.##


There were no monsters in sight!

Vanquished Creatures
  4 crimson imps (D:3)
  An orc priest (D:3)
  Jessica (D:1)
  3 adders
  A dart slug (D:3)
  3 orcs (D:3)
  5 ball pythons
  2 endoplasms (D:2)
  4 giant cockroaches
  2 hobgoblins (D:2)
  3 kobolds
  3 quokkas
  4 bats
  2 frilled lizards (D:1)
  5 goblins
  8 rats
51 creatures vanquished.

Notes
Turn   | Place    | Note
-------+----------+-------------------------------------------
     0 | D:1      | qw the Gargoyle Hunter began the quest for the Orb.
     0 | D:1      | Reached XP level 1. HP: 12/12 MP: 1/1
     0 | D:1      | 0 ||| qw: Version: 0.2-a-29-g511e9b1
     0 | D:1      | 0 ||| qw: Game counter: 5481
     0 | D:1      | 0 ||| qw: Always use a shield: true
     0 | D:1      | 0 ||| qw: God list: Okawaru
     0 | D:1      | 0 ||| qw: Allow faded altars: false
     0 | D:1      | 0 ||| qw: Do Orc after D:15 true
     0 | D:1      | 0 ||| qw: Do second Lair branch before Depths: true
     0 | D:1      | 0 ||| qw: Lair rune preference: random
     0 | D:1      | 0 ||| qw: Plans: Normal, Zot:1-4, Slime:5, God:TSO, Crypt,
                  | Tomb, Abyss, Pan, Hells, Win
     0 | D:1      | 0 ||| PLANNING D:1-11
    56 | D:1      | 56 ||| FLEEEEING.
    57 | D:1      | 57 ||| FLEEEEING.
   133 | D:1      | Reached XP level 2. HP: 17/17 MP: 2/2
   184 | D:1      | Found Eleoqics's Jewellery Shoppe.
   208 | D:1      | 208 ||| SHOPLISTING +4 ring of protection (468 gold, have
                  | 69).
   208 | D:1      | 208 ||| SHOPLISTING +5 ring of evasion (468 gold, have 69).
   208 | D:1      | 208 ||| SHOPLISTING amulet of faith (520 gold, have 69).
   208 | D:1      | 208 ||| SHOPLISTING ring of protection from cold (325 gold,
                  | have 69).
   208 | D:1      | 208 ||| SHOPLISTING ring of protection from fire (325 gold,
                  | have 69).
   208 | D:1      | 208 ||| SHOPLISTING ring of willpower (325 gold, have 69).
   394 | D:1      | 394 ||| UPGRADING to +6 ring of dexterity.
   395 | D:1      | 395 ||| READING 3 scrolls labelled SUISYLESIK.
   396 | D:1      | 396 ||| READING scroll labelled DEOHEH SOC XEST.
   397 | D:1      | 397 ||| READING scroll labelled YNNUYHU IJYEME.
   401 | D:1      | 401 ||| READING 2 scrolls of identify.
   401 | D:1      | 401 ||| IDENTIFYING murky blue potion
   402 | D:1      | 402 ||| DROPPING scroll of butterflies.
   424 | D:2      | Noticed Jessica
   429 | D:2      | 429 ||| STAIRDANCE
   433 | D:1      | Reached XP level 3. HP: 15/21 MP: 3/3
   458 | D:2      | 458 ||| STAIRDANCE
   464 | D:1      | Reached skill level 5 in Ranged Weapons
   526 | D:2      | 526 ||| STAIRDANCE
   552 | D:2      | 552 ||| STAIRDANCE
   555 | D:1      | Killed Jessica
   556 | D:1      | Reached skill level 3 in Fighting
   556 | D:1      | Reached XP level 4. HP: 15/28 MP: 4/4
   623 | D:2      | 623 ||| UPGRADING to +0 longbow.
   624 | D:2      | 624 ||| DROPPING +0 shortbow.
   787 | D:2      | Found Cean Mam's Distillery.
   802 | D:2      | 802 ||| SHOPLISTING 2 potions of heal wounds (140 gold,
                  | have 127).
   802 | D:2      | 802 ||| SHOPLISTING 2 potions of magic (224 gold, have
                  | 127).
   802 | D:2      | 802 ||| BUYING potion of attraction (42 gold).
   802 | D:2      | Bought a potion of attraction for 42 gold pieces
   802 | D:2      | 802 ||| SHOPLISTING potion of cancellation (112 gold, have
                  | 85).
   802 | D:2      | 802 ||| SHOPLISTING potion of haste (140 gold, have 85).
   802 | D:2      | 802 ||| SHOPLISTING potion of resistance (140 gold, have
                  | 85).
  1238 | D:2      | Found a faded altar of an unknown god.
  1321 | D:2      | 1321 ||| READING scroll labelled DONUXZ ZELAI.
  1322 | D:2      | 1322 ||| READING scroll labelled XODAQI NETO.
  1323 | D:2      | 1323 ||| DRINKING 4 purple potions.
  1324 | D:2      | 1324 ||| READING 3 scrolls of identify.
  1324 | D:2      | 1324 ||| IDENTIFYING cyan potion
  1325 | D:2      | 1325 ||| READING 2 scrolls of identify.
  1325 | D:2      | 1325 ||| IDENTIFYING white potion
  1326 | D:2      | 1326 ||| DROPPING potion of berserk rage.
  1392 | D:3      | Found a shimmering altar of Xom.
  1397 | D:3      | Reached XP level 5. HP: 32/32 MP: 5/5
  1400 | D:3      | Reached skill level 6 in Ranged Weapons
  1412 | D:3      | Found Selof's Antique Armour Shoppe.
  1426 | D:3      | 1426 ||| SHOPLISTING pair of gloves (135 gold, have 85).
  1426 | D:3      | 1426 ||| SHOPLISTING ring mail (120 gold, have 85).
  1426 | D:3      | 1426 ||| SHOPLISTING runed ring mail (210 gold, have 85).
  1434 | D:3      | Reached XP level 6. HP: 36/38 MP: 6/6
  1511 | D:3      | Found a glowing silver altar of Zin.
  1532 | D:3      | Found Tarhoxui's Assorted Antiques.
  1540 | D:3      | 1540 ||| BUYING fizzy yellow potion (22 gold).
  1540 | D:3      | Bought a fizzy yellow potion for 22 gold pieces
  1540 | D:3      | 1540 ||| SHOPLISTING potion of curing (75 gold, have 72).
  1540 | D:3      | 1540 ||| BUYING scroll labelled UDOKHL YCOFUG (25 gold).
  1540 | D:3      | Bought a scroll labelled UDOKHL YCOFUG for 25 gold pieces
  1540 | D:3      | 1540 ||| BUYING scroll labelled UDOKHL YCOFUG (25 gold).
  1540 | D:3      | Bought a scroll labelled UDOKHL YCOFUG for 25 gold pieces
  1545 | D:3      | 1545 ||| Stepping ~*~*~tactically~*~*~ (outnumbered).
  1548 | D:3      | Noticed Sigmund
  1550 | D:3      | 1550 ||| Stepping ~*~*~tactically~*~*~ (outnumbered).
  1551 | D:3      | 1551 ||| Stepping ~*~*~tactically~*~*~ (outnumbered).
  1562 | D:3      | HP: 3/38 [something (8)]
  1565 | D:3      | HP: 1/38 [something (3)]
  1566 | D:3      | Mangled by Sigmund

Levels and vault maps discovered:
D:1:      minmay_arrival_loop, layout_rooms, serial_shops,
          nicolae_shop_tiny_statue_garden, minmay_misc_feat_pillars
D:2:      layout_basic, serial_shops, nicolae_shop_waterfront,
          nicolae_ecumenical_lake_church, minmay_distorted, uniq_jessica
D:3:      layout_basic, pdpol_temple_overflow_zin_treasury_gozag_greed,
          led_xom_imps, serial_shops, shop, shop, shop, uniq_crazy_yiuf_cottage,
          uniq_sigmund

Skill      XL: |  1  2  3  4  5  6 |
---------------+-------------------+-----
Ranged Weapons | 5 6 |  6.1
Fighting       | 3 4 |  4.2
Dodging        | 2 |  2.1
Stealth        | |  1.1

Action                     |  1- 3 |  4- 6 || total
---------------------------+-------+-------++-------
   Fire: Shortbow          |    58 |       ||    58
         Longbow           |       |    80 ||    80
    Use: Scroll            |     4 |     4 ||     8
         Potion            |       |     1 ||     1
 Armour: Leather armour    |    14 |    12 ||    26
  Dodge: Dodged            |    31 |    33 ||    64

Table legend:
 A = Non-vault XP
 B = Vault XP
 C = Vault XP percentage of total XP
 D = Non-vault monster count
 E = Vault monster count
 F = Vault count percentage of total count
                 A         B        C        D         E       F
            +---------+---------+-------+---------+---------+-------
      Total |     135 |     249 |  64.8 |      42 |       9 |  17.6
            +---------+---------+-------+---------+---------+-------
        D:1 |      34 |      53 |  60.9 |      16 |       4 |  20.0
        D:2 |      35 |       2 |   5.4 |      14 |       1 |   6.7
        D:3 |      66 |     194 |  74.6 |      12 |       4 |  25.0
            +---------+---------+-------+---------+---------+-------
